 Dungeon Crawl Stone Soup version 0.20.1-1-g8b1a95d (webtiles) character file.

816 Alcoolistu the Chopper (level 7, -3/59 (61) HPs)
             Began as a Minotaur Fighter on July 14, 2017.
             Succumbed to a death drake's dark miasma
             ... on level 3 of the Dungeon.
             The game lasted 00:06:59 (2614 turns).

Alcoolistu the Chopper (Minotaur Fighter)           Turns: 2614, Time: 00:06:59

HP:   -3/59 (61)    AC: 13    Str: 21    XL:     7   Next: 62%
MP:   6/6           EV:  5    Int:  5    God:
Gold: 140           SH: 15    Dex: 11    Spells: 6/6 levels left

rFire    . . .     SeeInvis .   a - +0 war axe
rCold    . . .     Gourm    .   c - +0 shield
rNeg     . . .     Faith    .   m - +0 plate armour
rPois    .         Spirit   .   (helmet restricted)
rElec    .         Reflect  +   (no cloak)
rCorr    .         Harm     .   v - +0 pair of gloves
MR       .....                  (no boots)
Stlth    ..........             q - +5 amulet of reflection
Regen    0.0/turn               (no ring)
MPRegen  0.1/turn               (no ring)

@: lethally poisoned (-3 -> -78), non-regenerating, badly diseased, slowed, very
slow
A: retaliatory headbutt, horns 2
a: no special abilities


You were on level 3 of the Dungeon.
You were not hungry.

You visited 1 branch of the dungeon, and saw 4 of its levels.

You collected 140 gold pieces.

Inventory:

Hand Weapons
 a - a +0 war axe (weapon)
Armour
 c - a +0 shield (worn)
 m - a +0 plate armour (worn)
 v - a +0 pair of gloves (worn)
Jewellery
 g - an uncursed ring of ice
 q - a +5 amulet of reflection (around neck)
Wands
 y - a wand of polymorph (0/24)
Scrolls
 h - a scroll of fog {unknown}
 j - 3 scrolls of remove curse {unknown}
 l - 2 scrolls of identify {unknown}
 n - a scroll of amnesia {unknown}
 o - 2 scrolls of teleportation {unknown}
 w - a scroll of enchant armour {unknown}
 x - a scroll of fear {unknown}
Potions
 b - 2 potions of resistance {unknown}
 d - 2 potions of might
 e - a potion of haste {unknown}
 i - 3 potions of heal wounds {unknown}
 k - 2 potions of flight {unknown}
 r - 3 potions of mutation {unknown}
 s - 2 potions of lignification {unknown}
 t - 3 potions of cancellation {unknown}
 u - 2 potions of invisibility {unknown}
Books
 p - a book of Misfortune

   Spells                             Type                      Level
   a - Confusing Touch                Hexes                        1
   b - Confuse                        Hexes                        3
   c - Gell's Gravitas                Translocation                3
   d - Petrify                        Transmutation/Earth          4
   e - Metabolic Englaciation         Hexes/Ice                    5
   f - Yara's Violent Unravelling     Hexes/Transmutation          5
Comestibles
 f - 3 bread rations
 z - 3 chunks of flesh


   Skills:
 + Level 5.6 Fighting
 * Level 6.4 Axes
 + Level 5.4 Armour
 + Level 3.5 Dodging
 + Level 5.4 Shields


You had 6 spell levels left.
You didn't know any spells.

Dungeon Overview and Level Annotations

Branches:
Dungeon (4/15)
 Temple: D:4-7

Altars:
Hepliaklqana
Qazlal


Innate Abilities, Weirdness & Mutations

You reflexively headbutt those who attack you in melee.
You have a pair of horns on your head.


Message History

The foul vapour engulfs you!
You are more poisoned.
You feel your flesh rotting away!
You feel ill.
You feel extremely sick.
You feel very sick.
* * * LOW HITPOINT WARNING * * *
You feel very sick.
You are too injured to fight recklessly!
You barely miss the death drake. You headbutt the death drake!
The death drake is lightly wounded.
* * * LOW HITPOINT WARNING * * *
You feel extremely sick. You block the death drake's attack.
The death drake breathes miasma at you. The foul vapour engulfs you!
The death drake barely misses you.
You hit the death drake but do no damage.
The death drake is lightly wounded.
You are engulfed in dark miasma.
You are more poisoned.
You feel your flesh rotting away!
You die...

#..............#.....
#........###.#####.#.
#######.## #.......#.
#######.############.
#.....÷.#§§...).. #.
#.#######.# #. #.#
#§§§..# ..
#§###k##### ##
#§§§@§# #######


You could see a death drake.

Vanquished Creatures
  The ghost of haapaneitty the Cudgeler, a novice GrBe of Trog (D:4)
  Sigmund (D:2)
  The ghost of koorschki the Sneak, an amateur SpEn (D:3)
  A howler monkey (D:4)
  A hound (D:4)
  An orc priest (D:4)
  An orc wizard (D:4)
  Natasha (D:4)
  A worker ant (D:4)
  Terence (D:2)
  A hound skeleton (D:4)
  6 adders
  2 oozes (D:2)
  4 leopard geckos
  An orc (D:4)
  A ball python (D:1)
  5 giant cockroaches
  5 goblins
  4 hobgoblins
  8 jackals
  2 quokkas
  9 bats
  4 frilled lizards
  6 kobolds
  6 rats
74 creatures vanquished.

Notes
Turn   | Place    | Note
-------+----------+-------------------------------------------
     0 | D:1      | Alcoolistu the Minotaur Fighter began the quest for the Orb.
     0 | D:1      | Reached XP level 1. HP: 19/19 MP: 0/0
   175 | D:1      | Reached XP level 2. HP: 25/27 MP: 1/1
   684 | D:2      | Reached XP level 3. HP: 32/33 MP: 2/2
   822 | D:2      | Reached skill level 3 in Axes
   847 | D:2      | Reached skill level 1 in Dodging
   982 | D:2      | Noticed Terence
   992 | D:2      | Killed Terence
   992 | D:2      | Reached XP level 4. HP: 30/40 MP: 3/3
  1166 | D:2      | Noticed Sigmund
  1209 | D:2      | Killed Sigmund
  1209 | D:2      | Reached skill level 4 in Axes
  1209 | D:2      | Reached XP level 5. HP: 40/47 MP: 4/4
  1209 | D:2      | Reached XP level 6. HP: 47/55 MP: 5/5
  1490 | D:2      | Reached skill level 5 in Fighting
  1596 | D:3      | Noticed koorschki's ghost (amateur SpEn)
  1657 | D:3      | Killed koorschki's ghost
  1695 | D:3      | Reached skill level 5 in Axes
  1710 | D:3      | Noticed a two-headed ogre
  1759 | D:4      | Reached skill level 5 in Shields
  1867 | D:4      | Reached skill level 5 in Armour
  1876 | D:4      | Noticed haapaneitty's ghost (novice GrBe)
  1917 | D:4      | Killed haapaneitty's ghost
  1917 | D:4      | Reached skill level 6 in Axes
  1917 | D:4      | Reached XP level 7. HP: 22/61 MP: 6/6
  2176 | D:4      | Found a hazy altar of Hepliaklqana.
  2320 | D:4      | Found a stormy altar of Qazlal.
  2349 | D:4      | Noticed Natasha
  2356 | D:4      | Killed Natasha
  2605 | D:3      | Noticed a death drake
  2605 | D:3      | a two-headed ogre changed into a death drake
  2614 | D:3      | Succumbed to a death drake's dark miasma

Skill      XL: |  1  2  3  4  5  6 |
---------------+-------------------+-----
Fighting       | 4 5 |  5.6
Shields        | 4 5 |  5.4
Axes           | 3 4 6 |  6.4
Dodging        | 1 2 3 |  3.5
Armour         | 4 5 |  5.4

Action                   |  1- 3 |  4- 6 |  7- 9 || total
-------------------------+-------+-------+-------++-------
Melee: War axe           |   107 |   161 |    29 ||   297
       Headbutt          |     9 |    26 |     3 ||    38
Evoke: Wand              |       |       |     5 ||     5
  Eat: Chunk             |       |     4 |     2 ||     6
Armor: Scale mail        |    20 |       |       ||    20
       Plate armour      |    51 |   101 |     9 ||   161
Dodge: Dodged            |    25 |    18 |     6 ||    49
Block: Shield            |    57 |   123 |    24 ||   204
